 Dungeon Crawl Stone Soup version 0.29-a0-221-gceb61267dd (webtiles) character file.

Game seed: 12881322922212590348

28 cyrus the Skirmisher (level 3, 0/33 HPs)
             Began as a Hill Orc Fighter on Feb 27, 2022.
             Succumbed to a goblin's poison
             ... on level 2 of the Dungeon.
             The game lasted 00:03:44 (857 turns).

cyrus the Skirmisher (Hill Orc Fighter)              Turns: 857, Time: 00:03:44

Health: 0/33       AC:  8    Str: 18    XL:     3   Next: 14%
Magic:  3/3        EV:  9    Int: 10    God:
Gold:   77         SH:  4    Dex: 10    Spells: 2/2 levels left

rFire   . . .      SeeInvis .   a - +0 war axe
rCold   . . .      Faith    .   c - +0 buckler
rNeg    . . .      Spirit   .   b - +0 scale mail
rPois   .          Reflect  .   (no helmet)
rElec   .          Harm     .   (no cloak)
rCorr   .          Rampage  .   (no gloves)
Will    .....                   e - +0 pair of boots
Stlth   ..........              (no amulet)
HPRegen 0.11/turn               (no ring)
MPRegen 0.08/turn               (no ring)

@: lethally poisoned (0 -> -11)
A: no striking features
a: no special abilities


You were on level 2 of the Dungeon.
You visited 1 branch of the dungeon, and saw 2 of its levels.

You collected 77 gold pieces.

Inventory:

Hand Weapons
 a - a +0 war axe (weapon)
Armour
 b - a +0 scale mail (worn)
 c - a +0 buckler (worn)
 e - a +0 pair of boots (worn)
Scrolls
 f - a scroll of identify {unknown}
 g - a scroll of enchant weapon {unknown}
 h - a scroll of magic mapping {unknown}
 i - a scroll of immolation {unknown}
Potions
 d - a potion of might
 j - a potion of curing {unknown}


   Skills:
 + Level 3.9 Fighting
 + Level 3.3 Axes
 + Level 3.5 Armour
 + Level 0.3 Dodging
 + Level 3.7 Shields


You had 2 spell levels left.
You didn't know any spells.
Your spell library was empty.

Dungeon Overview and Level Annotations

Branches:
Dungeon (2/15)

Altars:


Message History

The frilled lizard is heavily wounded.
The frilled lizard bites you but does no damage.
You slash the frilled lizard!
You kill the frilled lizard!
You now have 77 gold pieces (gained 8).
i - a scroll labelled KYHEONGEACK
Found a stone staircase leading down.
j - a silvery potion A goblin comes into view.
It is wielding a +2 dagger of venom.
The goblin shouts!
A goblin is nearby!
There is a stone staircase leading down here.
You barely miss the goblin. The goblin hits you but does no damage.
You are poisoned.
You closely miss the goblin.
You feel very sick.
The goblin hits you with a +2 dagger of venom.
You are more poisoned.
The goblin hits you but does no damage.
You are more poisoned.
You completely miss the goblin.
You feel extremely sick. The goblin barely misses you.
You barely miss the goblin.
You feel very sick. The goblin barely misses you.
You closely miss the goblin.
You feel very sick.
The goblin hits you with a +2 dagger of venom.
You are lethally poisoned!
You block the goblin's attack.
You slash the goblin!
You kill the goblin!
* * * LOW HITPOINT WARNING * * *
You feel very sick.
* * * LOW HITPOINT WARNING * * *
You feel very sick.
Things that are here:
a +2 dagger of venom; a goblin corpse You die...

###..# ###.....
....#.# #..#.# #.#.#
#.#.#### ##.#.#
#......# #..#.#
#.###..##.#+#..#.# #
#...@)>......#.#.# ..
########.........##..
#.............
#.......†..#
..######..........#
..........#....<..#
..#####...#.......#+#
#...#..........
#...#.#+###....


There were no monsters in sight!

Vanquished Creatures
  3 ball pythons
  An endoplasm (D:2)
  2 giant cockroaches
  4 goblins
  3 hobgoblins
  A kobold (D:1)
  7 bats
  3 frilled lizards
24 creatures vanquished.

Notes
Turn   | Place    | Note
-------+----------+-------------------------------------------
     0 | D:1      | cyrus the Hill Orc Fighter began the quest for the Orb.
     0 | D:1      | Reached XP level 1. HP: 19/19 MP: 1/1
   296 | D:1      | Reached XP level 2. HP: 24/27 MP: 2/2
   793 | D:2      | Reached XP level 3. HP: 33/33 MP: 3/3
   857 | D:2      | Succumbed to a goblin's poison

Illustrated notes

Levels and vault maps discovered:
D:1:      nagdon_arrival_double_spiral, layout_loops_ring
D:2:      minmay_spotlight, layout_basic

Skill      XL: |  1  2 |
---------------+-------+-----
Axes           | 3 |  3.3
Fighting       | |  3.9
Armour         | |  3.5
Dodging        | |  0.3
Shields        | |  3.7

Action                   || total
-------------------------++-------
Melee: War axe           ||    63
Armor: Scale mail        ||    65
Dodge: Dodged            ||    47
Block: Buckler           ||    27

Table legend: (Time is in decaauts)
 A = Elapsed time spent in this place.
 B = Non-inter-level travel time spent in this place.
 C = Inter-level travel time spent in this place.
 D = Time resting spent in this place.
 E = Time spent auto-exploring this place.
 F = Levels seen in this place.
 G = Mean time per level.
                   A        B        C        D        E       F      G
               +--------+--------+--------+--------+--------+-----+--------+
         Total |    881 |    855 |     26 |      0 |    602 |   2 |  440.5 |
       Dungeon |    881 |    855 |     26 |      0 |    602 |   2 |  440.5 |
               +--------+--------+--------+--------+--------+-----+--------+

Top non-repeatable levels by time:
     D:1: 795 daAuts
     D:2: 86 daAuts
